Predators vs Coyotes

Created - Monday, March 09, 2015 at 23:03

Goals
1 2 3 T
Predators 3 3 2 8
Coyotes 0 1 2 3
Shots
1 2 3 T
Predators 13 12 12 37
Coyotes 16 8 8 32

1st period

1. Predators , Evander Kane 26 (Andrew Cogliano, Trevor Daley) at 3:27 (PP)
2. Predators , Trevor Daley 10 (Patrick Maroon, Victor Bartley) at 10:59
3. Predators , Pascal Dupuis 5 (Valtteri Filppula, Patrice Bergeron) at 16:33

Penalties :
Mark Borowiecki (Ari) for Roughing (Minor) at 2:33, Patrick Maroon (Nsh) for Roughing (Double Minor) at 5:59, Antoine Vermette (Nsh) for Interference (Minor) at 17:15, Andrew Cogliano (Nsh) for Hooking (Minor) at 18:54

2nd period

4. Coyotes , David Jones 10 (Evan Oberg, Jaden Schwartz) at 6:45
5. Predators , Tomas Hertl 20 (Antoine Vermette) at 7:01
6. Predators , Andrew Cogliano 9 (Evander Kane, Tomas Plekanec) at 9:02
7. Predators , Valtteri Filppula 28 (Roman Josi) at 16:52

Penalties :
T.J. Brennan (Ari) for Hooking (Minor) at 3:21, David Jones (Ari) for Slashing (Minor) at 12:43

3rd period

8. Coyotes , Jaden Schwartz 30 (David Jones, Elias Lindholm) at 0:14
9. Predators , Andrew Cogliano 10 (Evander Kane, Trevor Daley) at 4:59 (PP)
10. Coyotes , Jaden Schwartz 31 (T.J. Brennan) at 7:22
11. Predators , Valtteri Filppula 29 (Antoine Vermette, Roman Josi) at 16:06 (PP)

Penalties :
Evan Oberg (Ari) for Hooking (Minor) at 3:48, Mark Borowiecki (Ari) for Hooking (Minor) at 15:19, Dale Weise (Ari) for Roughing (Minor) at 18:38

Goalie Stats

Kari Lehtonen (Nsh), 13 saves from 16 shots - (0.813), W, 42-19-4, 42:30 minutes
Chad Johnson (Nsh), 16 saves from 16 shots - (1.000), 17:30 minutes
Mike McKenna (Ari), 11 saves from 15 shots - (0.733), L, 3-12-0, 27:01 minutes
Carter Hutton (Ari), 18 saves from 22 shots - (0.818), 32:59 minutes

Players Stats for Predators

Player Name              G  A  P  +/- PIM S  H  SB GA TA FO     MP     PP MP  PK MP  
------------------------------------------------------------------------------------
Andrew Cogliano          2  1  3  -1  2   4  0  0  2  1  0/0    18:52   3:23   2:59 
Antoine Vermette         0  2  2   1  2   5  3  0  3  1  11/19  19:04   4:48   2:59 
Ben Smith                0  0  0   0  0   2  0  0  1  0  0/0     8:52   0:00   0:00 
Brian Lashoff            0  0  0   0  0   0  1  1  1  2  0/0    13:00   0:00   0:00 
Cal Clutterbuck          0  0  0   1  0   1  2  0  0  0  2/3    14:24   0:00   2:45 
Dennis Seidenberg        0  0  0   0  0   0  0  1  0  2  0/0    21:00   3:06   4:20 
Eric Fehr                0  0  0   0  0   3  1  0  3  0  3/6     8:52   0:00   0:00 
Evander Kane             1  2  3  -1  0   6  0  1  4  0  0/2    17:54   3:23   2:22 
Nick Schultz             0  0  0   2  0   1  0  4  0  2  0/0    20:08   3:06   4:20 
Pascal Dupuis            1  0  1   2  0   1  1  0  0  0  0/1    16:20   4:48   0:00 
Patrice Bergeron         0  1  1   2  0   0  1  1  0  1  5/10   15:47   3:23   0:00 
Patrick Maroon           0  1  1   0  4   2  5  0  0  0  0/0     9:00   0:00   0:00 
Roman Josi               0  2  2   1  0   1  0  0  1  2  0/0    25:52   5:05   3:16 
Tomas Hertl              1  0  1   1  0   1  0  0  4  0  0/0    11:18   0:00   0:00 
Tomas Plekanec           0  1  1  -1  0   3  2  0  1  1  3/11   15:15   0:00   3:46 
Trevor Daley             1  2  3   0  0   2  2  3  0  3  0/0    26:51   5:05   3:16 
Valtteri Filppula        2  1  3   2  0   3  2  0  3  0  0/0    16:20   4:48   0:00 
Victor Bartley           0  1  1   1  0   2  1  2  0  0  0/0    13:07   0:00   0:00 

Players Stats for Coyotes

Player Name              G  A  P  +/- PIM S  H  SB GA TA FO     MP     PP MP  PK MP  
------------------------------------------------------------------------------------
Aaron Palushaj           0  0  0  -2  0   2  0  0  2  0  0/0     8:47   0:00   0:00 
Dale Weise               0  0  0  -2  2   0  0  1  0  0  0/0     8:46   0:00   0:00 
David Jones              1  1  2   2  2   4  1  0  0  0  0/0    18:48   4:28   0:00 
Drayson Bowman           0  0  0  -2  0   2  0  0  1  0  0/1    10:44   0:00   0:00 
Elias Lindholm           0  1  1   2  0   2  0  0  4  0  11/19  18:24   4:28   0:00 
Eric Nystrom             0  0  0   0  0   2  3  1  0  1  0/1    20:09   3:08   7:09 
Evan Oberg               0  1  1  -2  2   0  1  0  0  0  0/0    17:38   2:35   1:34 
Jaden Schwartz           2  1  3   2  0   7  1  0  5  1  1/1    20:19   4:28   1:02 
Mark Borowiecki          0  0  0   0  4   2  2  0  0  1  0/0    18:28   0:00   4:59 
Markus Granlund          0  0  0  -2  0   1  0  1  1  0  4/9    10:42   0:00   1:02 
Martin Erat              0  0  0  -2  0   1  2  0  3  1  0/0    14:14   3:08   0:00 
Matt Gilroy              0  0  0   0  0   0  0  3  1  1  0/0    25:01   5:01   6:17 
Michael Kostka           0  0  0   0  0   3  0  2  0  1  0/0    24:40   5:01   1:54 
Michal Jordan            0  0  0  -2  0   0  0  1  0  2  0/0    12:56   0:00   0:00 
Rich Peverley            0  0  0   0  0   4  0  0  4  2  10/15  20:09   3:08   7:09 
Stephen Weiss            0  0  0  -2  0   0  0  0  0  1  2/5    10:44   0:00   0:00 
T.J. Brennan             0  1  1   0  2   1  1  3  0  3  0/0    21:39   2:35   1:38 
Terry Broadhurst         0  0  0   0  0   1  0  0  0  2  0/1     9:30   0:00   0:00 

3 Stars

1 - Valtteri Filppula (Nsh)
2 - Jaden Schwartz (Ari)
3 - Trevor Daley (Nsh)

Power Play

Predators - 3 on 6 Attempt(s) - 50.00%
Coyotes - 0 on 4 Attempt(s) - 0.00%

Penalty Kill

Predators - 4 on 4 Attempt(s) - 100.00% - Score 0 goal in Penalty Kill
Coyotes - 3 on 6 Attempt(s) - 50.00% - Score 0 goal in Penalty Kill

Team Stat

Predators - Hits : 21 - Faceoff Wins : 24 - Blocked Shots : 13 - Penalty Minutes : 8
Coyotes - Hits : 11 - Faceoff Wins : 28 - Blocked Shots : 12 - Penalty Minutes : 12

Official

Referees : Unknown
Linesman : Unknown

Game Notes

Chad Johnson is injured at 17:30 of 1st period (Left Hip)
Kari Lehtonen enters game at 17:30 of 1st period
Carter Hutton enters game at 7:01 of 2nd period

Finance

Level 1 -- Attendance: 4799 (79.98%) -- Ticket Income $441,508
Level 2 -- Attendance: 3892 (77.84%) -- Ticket Income $233,520
Level 3 -- Attendance: 1501 (75.05%) -- Ticket Income $48,032
Level 4 -- Attendance: 3151 (78.78%) -- Ticket Income $63,020
Luxury Box -- Attendance: 728 (72.80%) -- Ticket Income $134,680
Game was played at the Glendale Arena'
Total Attendance: 14071 (78.17%)
Total Ticket Income: $920,760
Other Income: $451,172
Total Income: $1,371,932

Predators

5 vs 5 Forward 
   Center                   Left Wing                Right Wing               Time % Phy DF OF 
 1 Patrice Bergeron         Valtteri Filppula        Pascal Dupuis            28     0   1  4  
 2 Tomas Plekanec           Evander Kane             Andrew Cogliano          28     0   1  4  
 3 Antoine Vermette         Tomas Hertl              Cal Clutterbuck          28     2   1  2  
 4 Eric Fehr                Patrick Maroon           Ben Smith                16     5   0  0  

5 vs 5 Defense 
   Defense                  Defense                                           Time % Phy DF OF 
 1 Roman Josi               Nick Schultz                                      28     1   3  1  
 2 Dennis Seidenberg        Brian Lashoff                                     28     1   3  1  
 3 Trevor Daley             Victor Bartley                                    28     1   3  1  
 4 Roman Josi               Trevor Daley                                      16     1   3  1  

PowerPlay Forward 
   Center                   Left Wing                Right Wing               Time % Phy DF OF 
 1 Antoine Vermette         Valtteri Filppula        Pascal Dupuis            50     0   0  5  
 2 Patrice Bergeron         Evander Kane             Andrew Cogliano          50     0   0  5  

PowerPlay Defense
   Defense                  Defense                                           Time % Phy DF OF 
 1 Roman Josi               Trevor Daley                                      70     0   1  4  
 2 Dennis Seidenberg        Nick Schultz                                      30     0   1  4  

Penalty Kill 4 Players Forward 
   Center                   Wing                     Time % Phy DF OF 
 1 Tomas Plekanec           Cal Clutterbuck          50     0   4  1  
 2 Antoine Vermette         Andrew Cogliano          50     0   4  1  

Penalty Kill 4 Players Defense
   Defense                  Defense                  Time % Phy DF OF 
 1 Roman Josi               Trevor Daley             50     1   4  0  
 2 Dennis Seidenberg        Nick Schultz             50     1   4  0  

Penalty Kill - 3 Players Forward 
   Forward                                           Time % Phy DF OF 
 1 Tomas Plekanec                                    50     0   5  0  
 2 Cal Clutterbuck                                   50     0   5  0  

Penalty Kill - 3 Players Defense
   Defense                  Defense                  Time % Phy DF OF 
 1 Roman Josi               Trevor Daley             50     0   5  0  
 2 Dennis Seidenberg        Nick Schultz             50     0   5  0  

4 vs 4 Forward 
   Center                   Wing                     Time % Phy DF OF 
 1 Patrice Bergeron         Tomas Hertl              50     1   1  3  
 2 Andrew Cogliano          Evander Kane             50     1   1  3  

4 vs 4 Defense
   Defense                  Defense                  Time % Phy DF OF 
 1 Roman Josi               Trevor Daley             50     1   2  2  
 2 Dennis Seidenberg        Nick Schultz             50     1   3  1  

Last Minutes Offensive
   Center                   Left Wing                Right Wing               Defense                  Defense                  
   Patrice Bergeron         Valtteri Filppula        Pascal Dupuis            Roman Josi               Trevor Daley             

Last Minutes Defensive
   Center                   Left Wing                Right Wing               Defense                  Defense                  
   Antoine Vermette         Evander Kane             Pascal Dupuis            Roman Josi               Dennis Seidenberg        

Goaltenders
Starting : Chad Johnson             
Backup : Kari Lehtonen            

Extra Forwards
Normal : Patrice Bergeron, Valtteri Filppula, Tomas Hertl - PP : Tomas Hertl, Tomas Plekanec - PK : Evander Kane
Extra Defensemen
Normal : Roman Josi, Trevor Daley, Dennis Seidenberg - PP : Nick Schultz - PK : Nick Schultz, Brian Lashoff
Penalty Shots
Patrice Bergeron, Eric Fehr, Pascal Dupuis, Valtteri Filppula, Tomas Hertl

Coyotes

5 vs 5 Forward 
   Center                   Left Wing                Right Wing               Time % Phy DF OF 
 1 Elias Lindholm           Jaden Schwartz           David Jones              35     1   2  2  
 2 Rich Peverley            Eric Nystrom             Terry Broadhurst         30     1   2  2  
 3 Stephen Weiss            Martin Erat              Drayson Bowman           22     1   2  2  
 4 Markus Granlund          Aaron Palushaj           Dale Weise               13     1   2  2  

5 vs 5 Defense 
   Defense                  Defense                                           Time % Phy DF OF 
 1 T.J. Brennan             Michael Kostka                                    35     1   2  2  
 2 Mark Borowiecki          Matt Gilroy                                       30     1   2  2  
 3 Evan Oberg               Michal Jordan                                     22     1   2  2  
 4 Matt Gilroy              Mark Borowiecki                                   13     1   2  2  

PowerPlay Forward 
   Center                   Left Wing                Right Wing               Time % Phy DF OF 
 1 Elias Lindholm           Jaden Schwartz           David Jones              60     1   2  2  
 2 Rich Peverley            Martin Erat              Eric Nystrom             40     1   2  2  

PowerPlay Defense
   Defense                  Defense                                           Time % Phy DF OF 
 1 Matt Gilroy              Michael Kostka                                    60     1   2  2  
 2 Evan Oberg               T.J. Brennan                                      40     1   2  2  

Penalty Kill 4 Players Forward 
   Center                   Wing                     Time % Phy DF OF 
 1 Rich Peverley            Eric Nystrom             60     1   2  2  
 2 Markus Granlund          Jaden Schwartz           40     1   2  2  

Penalty Kill 4 Players Defense
   Defense                  Defense                  Time % Phy DF OF 
 1 Mark Borowiecki          Matt Gilroy              60     1   2  2  
 2 T.J. Brennan             Michael Kostka           40     1   2  2  

Penalty Kill - 3 Players Forward 
   Forward                                           Time % Phy DF OF 
 1 Rich Peverley                                     60     1   2  2  
 2 Markus Granlund                                   40     1   2  2  

Penalty Kill - 3 Players Defense
   Defense                  Defense                  Time % Phy DF OF 
 1 Mark Borowiecki          Matt Gilroy              60     1   2  2  
 2 T.J. Brennan             Michael Kostka           40     1   2  2  

4 vs 4 Forward 
   Center                   Wing                     Time % Phy DF OF 
 1 Rich Peverley            Jaden Schwartz           60     1   2  2  
 2 Martin Erat              Eric Nystrom             40     1   2  2  

4 vs 4 Defense
   Defense                  Defense                  Time % Phy DF OF 
 1 Matt Gilroy              Michael Kostka           60     1   2  2  
 2 T.J. Brennan             Evan Oberg               40     1   2  2  

Last Minutes Offensive
   Center                   Left Wing                Right Wing               Defense                  Defense                  
   Rich Peverley            Jaden Schwartz           Elias Lindholm           Matt Gilroy              Michael Kostka           

Last Minutes Defensive
   Center                   Left Wing                Right Wing               Defense                  Defense                  
   Rich Peverley            Jaden Schwartz           Eric Nystrom             Mark Borowiecki          Matt Gilroy              

Goaltenders
Starting : Mike McKenna             
Backup : Carter Hutton            

Extra Forwards
Normal : Jaden Schwartz, Elias Lindholm, Rich Peverley - PP : Stephen Weiss, Martin Erat - PK : Markus Granlund
Extra Defensemen
Normal : Michael Kostka, T.J. Brennan, Evan Oberg - PP : Evan Oberg - PK : Evan Oberg, Matt Gilroy
Penalty Shots
Jaden Schwartz, Elias Lindholm, Martin Erat, Rich Peverley, Stephen Weiss

% Time on Ice - Predators

Lines # - Real PCT - Wanted PCT - Time Play
Normal Forward
1 - 27% - 28% - 11:53
2 - 27% - 28% - 12:09
3 - 26% - 28% - 11:18
4 - 20% - 16% - 8:52
Normal Defense
1 - 29% - 28% - 12:56
2 - 31% - 28% - 13:34
3 - 30% - 28% - 13:07
4 - 10% - 16% - 4:35
PP Forward
1 - 59% - 50% - 4:48
2 - 41% - 50% - 3:23
PP Defense
1 - 62% - 70% - 5:05
2 - 38% - 30% - 3:06
PK Forward
1 - 47% - 50% - 3:26
2 - 53% - 50% - 3:51
PK Defense
1 - 45% - 50% - 3:17
2 - 55% - 50% - 4:00
PK3 Forward
1 - 100% - 50% - 0:20
2 - 0% - 50% - 0:00
PK3 Defense
1 - 0% - 50% - 0:00
2 - 100% - 50% - 0:20
44 Forward
1 - 0% - 50%
2 - 0% - 50%
44 Defense
1 - 0% - 50%
2 - 0% - 50%
Last Minute Offensive  - 0:00
Last Minute Defensive  - 0:00
Total
Forward - 60:00
Defense - 60:00

% Time on Ice - Coyotes

Lines # - Real PCT - Wanted PCT - Time Play
Normal Forward
1 - 32% - 35% - 13:56
2 - 24% - 30% - 10:45
3 - 24% - 22% - 10:44
4 - 20% - 13% - 8:47
Normal Defense
1 - 38% - 35% - 16:46
2 - 28% - 30% - 12:29
3 - 29% - 22% - 12:56
4 - 5% - 13% - 2:01
PP Forward
1 - 59% - 60% - 4:28
2 - 41% - 40% - 3:09
PP Defense
1 - 66% - 60% - 5:02
2 - 34% - 40% - 2:35
PK Forward
1 - 87% - 60% - 7:09
2 - 13% - 40% - 1:02
PK Defense
1 - 77% - 60% - 6:17
2 - 23% - 40% - 1:54
PK3 Forward
1 - 0% - 60%
2 - 0% - 40%
PK3 Defense
1 - 0% - 60%
2 - 0% - 40%
44 Forward
1 - 0% - 60%
2 - 0% - 40%
44 Defense
1 - 0% - 60%
2 - 0% - 40%
Last Minute Offensive  - 0:00
Last Minute Defensive  - 0:00
Total
Forward - 60:00
Defense - 60:00

Play by Play

1st period


0:01 of 1st period - Elias Lindholm wins face-off versus Patrice Bergeron in neutral zone.
0:06 of 1st period - Wrist shot by Jaden Schwartz.
0:06 of 1st period - Stopped by Chad Johnson with a rebound.
0:08 of 1st period - Slapshot by T.J. Brennan.
0:08 of 1st period - Stopped by Chad Johnson with a rebound.
0:10 of 1st period - Slapshot by Michael Kostka.
0:10 of 1st period - Shot Misses the Net.
0:12 of 1st period - Slapshot by Michael Kostka.
0:12 of 1st period - Stopped by Chad Johnson without a rebound.
0:13 of 1st period - Patrice Bergeron wins face-off versus Elias Lindholm in Predators zone.
0:58 of 1st period - Snap shot by Tomas Plekanec.
0:58 of 1st period - Stopped by Mike McKenna with a rebound.
1:59 of 1st period - Snap shot by Tomas Hertl.
1:59 of 1st period - Shot Blocked by Eric Nystrom.
2:03 of 1st period - Wrist shot by Tomas Hertl.
2:03 of 1st period - Shot Blocked by Michael Kostka.
2:05 of 1st period - Slapshot by Victor Bartley.
2:05 of 1st period - Stopped by Mike McKenna without a rebound.
2:06 of 1st period - Stephen Weiss wins face-off versus Eric Fehr in Coyotes zone.
2:33 of 1st period - Minor Penalty to Mark Borowiecki for Roughing.
2:34 of 1st period - Rich Peverley wins face-off versus Pascal Dupuis in Coyotes zone.
3:09 of 1st period - Slapshot by Roman Josi.
3:09 of 1st period - Shot Blocked by Matt Gilroy.
3:27 of 1st period - Snap shot by Evander Kane.
3:27 of 1st period - Goal by Evander Kane - Predators : 1 - Coyotes : 0.
3:28 of 1st period - Markus Granlund wins face-off versus Tomas Plekanec in neutral zone.
3:34 of 1st period - Off-side.
3:35 of 1st period - Markus Granlund wins face-off versus Tomas Plekanec in neutral zone.
3:38 of 1st period - Wrist shot by Dale Weise.
3:38 of 1st period - Deflect By Aaron Palushaj.
3:38 of 1st period - Stopped by Chad Johnson with a rebound.
3:40 of 1st period - Snap shot by Markus Granlund.
3:40 of 1st period - Shot Misses the Net.
3:42 of 1st period - Backhand shot by Michal Jordan.
3:42 of 1st period - Shot Blocked by Brian Lashoff.
3:44 of 1st period - Snap shot by Markus Granlund.
3:44 of 1st period - Stopped by Chad Johnson with a rebound.
3:46 of 1st period - Snap shot by Markus Granlund.
3:46 of 1st period - Shot Misses the Net.
3:48 of 1st period - Wrist shot by Aaron Palushaj.
3:48 of 1st period - Stopped by Chad Johnson with a rebound.
4:26 of 1st period - Aaron Palushaj is hit by Antoine Vermette.
4:27 of 1st period - Icing by Aaron Palushaj.
4:28 of 1st period - Markus Granlund wins face-off versus Antoine Vermette in Coyotes zone.
5:00 of 1st period - Backhand shot by Mark Borowiecki.
5:00 of 1st period - Stopped by Chad Johnson with a rebound.
5:02 of 1st period - Wrist shot by David Jones.
5:02 of 1st period - Stopped by Chad Johnson with a rebound.
5:04 of 1st period - Slapshot by Matt Gilroy.
5:04 of 1st period - Shot Blocked by Trevor Daley.
5:18 of 1st period - Wrist shot by David Jones.
5:18 of 1st period - Stopped by Chad Johnson with a rebound.
5:44 of 1st period - Wrist shot by Michael Kostka.
5:44 of 1st period - Shot Blocked by Trevor Daley.
5:46 of 1st period - Snap shot by Michael Kostka.
5:46 of 1st period - Shot Blocked by Trevor Daley.
5:48 of 1st period - Snap shot by Drayson Bowman.
5:48 of 1st period - Deflect By Martin Erat.
5:48 of 1st period - Shot Misses the Net.
5:48 of 1st period - Puck is out of play.
5:49 of 1st period - Rich Peverley wins face-off versus Patrice Bergeron in Predators zone.
5:54 of 1st period - Snap shot by Rich Peverley.
5:54 of 1st period - Stopped by Chad Johnson without a rebound.
5:55 of 1st period - Rich Peverley wins face-off versus Eric Fehr in Predators zone.
5:59 of 1st period - Double Minor Penalty to Patrick Maroon for Roughing.
6:00 of 1st period - Elias Lindholm wins face-off versus Antoine Vermette in Predators zone.
6:52 of 1st period - Andrew Cogliano is hit by Martin Erat and loses puck.
7:33 of 1st period - Tomas Plekanec is hit by Evan Oberg and loses puck.
8:46 of 1st period - Trevor Daley is hit by T.J. Brennan.
8:50 of 1st period - Tomas Plekanec is hit by Eric Nystrom and loses puck.
9:59 of 1st period - Penalty to Patrick Maroon is over, Patrick Maroon is back on ice.
10:57 of 1st period - Snap shot by Patrick Maroon.
10:57 of 1st period - Shot Blocked by Michal Jordan.
10:59 of 1st period - Slapshot by Trevor Daley.
10:59 of 1st period - Goal by Trevor Daley - Predators : 2 - Coyotes : 0.
11:00 of 1st period - Eric Fehr wins face-off versus Stephen Weiss in neutral zone.
11:35 of 1st period - Dale Weise is hit by Patrick Maroon and loses puck.
12:02 of 1st period - Roman Josi is hit by Eric Nystrom and loses puck.
12:07 of 1st period - Backhand shot by Rich Peverley.
12:07 of 1st period - Shot Misses the Net.
12:15 of 1st period - Slapshot by Michael Kostka.
12:15 of 1st period - Deflect By Rich Peverley.
12:15 of 1st period - Stopped by Chad Johnson with a rebound.
12:31 of 1st period - Snap shot by Valtteri Filppula.
12:31 of 1st period - Shot Misses the Net.
12:43 of 1st period - Mark Borowiecki is hit by Antoine Vermette and loses puck.
12:50 of 1st period - Wrist shot by Antoine Vermette.
12:50 of 1st period - Shot Misses the Net.
12:52 of 1st period - Slapshot by Nick Schultz.
12:52 of 1st period - Stopped by Mike McKenna with a rebound.
13:00 of 1st period - Snap shot by Antoine Vermette.
13:00 of 1st period - Stopped by Mike McKenna with a rebound.
13:02 of 1st period - Snap shot by Antoine Vermette.
13:02 of 1st period - Shot Misses the Net.
13:33 of 1st period - Snap shot by Andrew Cogliano.
13:33 of 1st period - Stopped by Mike McKenna with a rebound.
13:35 of 1st period - Snap shot by Andrew Cogliano.
13:35 of 1st period - Shot Misses the Net.
14:24 of 1st period - Slapshot by Trevor Daley.
14:24 of 1st period - Stopped by Mike McKenna without a rebound.
14:25 of 1st period - Eric Fehr wins face-off versus Rich Peverley in Coyotes zone.
15:36 of 1st period - Wrist shot by Evander Kane.
15:36 of 1st period - Stopped by Mike McKenna with a rebound.
15:38 of 1st period - Slapshot by Evander Kane.
15:38 of 1st period - Stopped by Mike McKenna with a rebound.
16:31 of 1st period - Slapshot by Pascal Dupuis.
16:31 of 1st period - Shot Blocked by Dale Weise.
16:33 of 1st period - Slapshot by Pascal Dupuis.
16:33 of 1st period - Goal by Pascal Dupuis - Predators : 3 - Coyotes : 0.
16:34 of 1st period - Rich Peverley wins face-off versus Antoine Vermette in neutral zone.
16:37 of 1st period - Slapshot by Matt Gilroy.
16:37 of 1st period - Deflect By Rich Peverley.
16:37 of 1st period - Stopped by Chad Johnson with a rebound.
16:41 of 1st period - Snap shot by Terry Broadhurst.
16:41 of 1st period - Stopped by Chad Johnson with a rebound.
16:43 of 1st period - Wrist shot by Mark Borowiecki.
16:43 of 1st period - Stopped by Chad Johnson without a rebound.
16:44 of 1st period - Antoine Vermette wins face-off versus Rich Peverley in Predators zone.
17:15 of 1st period - Minor Penalty to Antoine Vermette for Interference.
17:16 of 1st period - Rich Peverley wins face-off versus Evander Kane in Predators zone.
17:28 of 1st period - Wrist shot by Rich Peverley.
17:28 of 1st period - Stopped by Chad Johnson with a rebound.
17:30 of 1st period - Wrist shot by Eric Nystrom.
17:30 of 1st period - Stopped by Chad Johnson without a rebound.
17:30 of 1st period - Chad Johnson from Predators is injured at 17:30 of 1st period (Left Hip).
17:30 of 1st period - Kari Lehtonen enters game.
17:31 of 1st period - Elias Lindholm wins face-off versus Tomas Plekanec in Predators zone.
18:54 of 1st period - Minor Penalty to Andrew Cogliano for Hooking.
18:55 of 1st period - Tomas Plekanec wins face-off versus Elias Lindholm in Predators zone.
19:06 of 1st period - Slapshot by Tomas Plekanec.
19:06 of 1st period - Shot Blocked by T.J. Brennan.
19:08 of 1st period - Slapshot by Nick Schultz.
19:08 of 1st period - Deflect By Tomas Plekanec.
19:08 of 1st period - Stopped by Mike McKenna with a rebound.
19:15 of 1st period - Penalty to Antoine Vermette is over, Antoine Vermette is back on ice.
19:34 of 1st period - Wrist shot by Tomas Plekanec.
19:34 of 1st period - Shot Hit the Post.
19:40 of 1st period - Slapshot by Antoine Vermette.
19:40 of 1st period - Stopped by Mike McKenna without a rebound.
19:41 of 1st period - Antoine Vermette wins face-off versus Eric Nystrom in Coyotes zone.
Goals for this period are 3 for Predators vs 0 for Coyotes.
Shots for this period are 13 for Predators vs 16 for Coyotes.

2nd period


0:01 of 2nd period - Tomas Plekanec wins face-off versus Elias Lindholm in neutral zone.
0:10 of 2nd period - Wrist shot by Cal Clutterbuck.
0:10 of 2nd period - Stopped by Mike McKenna without a rebound.
0:11 of 2nd period - Tomas Plekanec wins face-off versus Elias Lindholm in Coyotes zone.
0:54 of 2nd period - Penalty to Andrew Cogliano is over, Andrew Cogliano is back on ice.
1:03 of 2nd period - Nick Schultz is hit by Eric Nystrom and loses puck.
1:14 of 2nd period - Wrist shot by Martin Erat.
1:14 of 2nd period - Stopped by Kari Lehtonen without a rebound.
1:15 of 2nd period - Patrice Bergeron wins face-off versus Stephen Weiss in Predators zone.
1:43 of 2nd period - Wrist shot by Martin Erat.
1:43 of 2nd period - Shot Misses the Net.
1:45 of 2nd period - Wrist shot by Drayson Bowman.
1:45 of 2nd period - Stopped by Kari Lehtonen with a rebound.
1:47 of 2nd period - Snap shot by Drayson Bowman.
1:47 of 2nd period - Stopped by Kari Lehtonen with a rebound.
2:11 of 2nd period - Snap shot by Eric Nystrom.
2:11 of 2nd period - Shot Blocked by Victor Bartley.
2:48 of 2nd period - Wrist shot by Jaden Schwartz.
2:48 of 2nd period - Deflect By Elias Lindholm.
2:48 of 2nd period - Shot Blocked by Nick Schultz.
2:48 of 2nd period - Puck is out of play.
2:49 of 2nd period - Cal Clutterbuck wins face-off versus Elias Lindholm in Predators zone.
3:21 of 2nd period - Minor Penalty to T.J. Brennan for Hooking.
3:22 of 2nd period - Patrice Bergeron wins face-off versus Rich Peverley in Coyotes zone.
4:12 of 2nd period - Eric Nystrom is hit by Trevor Daley and loses puck.
5:21 of 2nd period - Penalty to T.J. Brennan is over, T.J. Brennan is back on ice.
5:35 of 2nd period - Snap shot by T.J. Brennan.
5:35 of 2nd period - Shot Misses the Net.
6:41 of 2nd period - Wrist shot by Jaden Schwartz.
6:41 of 2nd period - Stopped by Kari Lehtonen with a rebound.
6:43 of 2nd period - Slapshot by Evan Oberg.
6:43 of 2nd period - Shot Misses the Net.
6:45 of 2nd period - Slapshot by David Jones.
6:45 of 2nd period - Goal by David Jones - Predators : 3 - Coyotes : 1.
6:46 of 2nd period - Cal Clutterbuck wins face-off versus Markus Granlund in neutral zone.
6:55 of 2nd period - Icing by Roman Josi.
6:56 of 2nd period - Antoine Vermette wins face-off versus Markus Granlund in Predators zone.
7:01 of 2nd period - Wrist shot by Tomas Hertl.
7:01 of 2nd period - Goal by Tomas Hertl - Predators : 4 - Coyotes : 1.
7:01 of 2nd period - Carter Hutton enters game.
7:02 of 2nd period - Antoine Vermette wins face-off versus Elias Lindholm in neutral zone.
7:13 of 2nd period - Snap shot by Tomas Hertl.
7:13 of 2nd period - Deflect By Antoine Vermette.
7:13 of 2nd period - Stopped by Carter Hutton with a rebound.
7:25 of 2nd period - Slapshot by Jaden Schwartz.
7:25 of 2nd period - Stopped by Kari Lehtonen with a rebound.
7:27 of 2nd period - Snap shot by Elias Lindholm.
7:27 of 2nd period - Shot Misses the Net.
7:29 of 2nd period - Slapshot by David Jones.
7:29 of 2nd period - Shot Misses the Net.
7:37 of 2nd period - Slapshot by Elias Lindholm.
7:37 of 2nd period - Stopped by Kari Lehtonen with a rebound.
7:39 of 2nd period - Slapshot by Mark Borowiecki.
7:39 of 2nd period - Shot Misses the Net.
8:00 of 2nd period - Mark Borowiecki is hit by Patrick Maroon and loses puck.
8:09 of 2nd period - T.J. Brennan is hit by Patrick Maroon.
8:47 of 2nd period - Michal Jordan is hit by Tomas Plekanec and loses puck.
9:00 of 2nd period - Wrist shot by Evander Kane.
9:00 of 2nd period - Stopped by Carter Hutton with a rebound.
9:02 of 2nd period - Snap shot by Andrew Cogliano.
9:02 of 2nd period - Goal by Andrew Cogliano - Predators : 5 - Coyotes : 1.
9:03 of 2nd period - Patrice Bergeron wins face-off versus Elias Lindholm in neutral zone.
9:06 of 2nd period - Snap shot by Valtteri Filppula.
9:06 of 2nd period - Shot Misses the Net.
9:08 of 2nd period - Slapshot by Dennis Seidenberg.
9:08 of 2nd period - Deflect By Pascal Dupuis.
9:08 of 2nd period - Shot Misses the Net.
9:08 of 2nd period - Puck is out of play.
9:09 of 2nd period - Elias Lindholm wins face-off versus Patrice Bergeron in Coyotes zone.
9:14 of 2nd period - Michael Kostka is hit by Brian Lashoff and loses puck.
10:15 of 2nd period - Snap shot by Andrew Cogliano.
10:15 of 2nd period - Deflect By Evander Kane.
10:15 of 2nd period - Stopped by Carter Hutton with a rebound.
10:17 of 2nd period - Slapshot by Roman Josi.
10:17 of 2nd period - Stopped by Carter Hutton without a rebound.
10:18 of 2nd period - Antoine Vermette wins face-off versus Terry Broadhurst in Coyotes zone.
11:19 of 2nd period - Evan Oberg is hit by Eric Fehr and loses puck.
12:31 of 2nd period - Slapshot by Michael Kostka.
12:31 of 2nd period - Stopped by Kari Lehtonen with a rebound.
12:43 of 2nd period - Minor Penalty to David Jones for Slashing.
12:44 of 2nd period - Rich Peverley wins face-off versus Antoine Vermette in Coyotes zone.
13:41 of 2nd period - Eric Nystrom is hit by Patrice Bergeron and loses puck.
14:20 of 2nd period - Michael Kostka is hit by Antoine Vermette and loses puck.
14:43 of 2nd period - Penalty to David Jones is over, David Jones is back on ice.
15:14 of 2nd period - Martin Erat is hit by Patrick Maroon and loses puck.
16:27 of 2nd period - Jaden Schwartz is hit by Tomas Plekanec and loses puck.
16:52 of 2nd period - Wrist shot by Valtteri Filppula.
16:52 of 2nd period - Goal by Valtteri Filppula - Predators : 6 - Coyotes : 1.
16:53 of 2nd period - Antoine Vermette wins face-off versus Markus Granlund in neutral zone.
18:02 of 2nd period - T.J. Brennan is hit by Valtteri Filppula and loses puck.
18:23 of 2nd period - Snap shot by Patrick Maroon.
18:23 of 2nd period - Shot Blocked by T.J. Brennan.
18:28 of 2nd period - Wrist shot by Ben Smith.
18:28 of 2nd period - Shot Blocked by Michael Kostka.
18:30 of 2nd period - Slapshot by Brian Lashoff.
18:30 of 2nd period - Shot Misses the Net.
18:32 of 2nd period - Wrist shot by Patrick Maroon.
18:32 of 2nd period - Stopped by Carter Hutton with a rebound.
18:34 of 2nd period - Snap shot by Brian Lashoff.
18:34 of 2nd period - Deflect By Patrick Maroon.
18:34 of 2nd period - Stopped by Carter Hutton with a rebound.
18:36 of 2nd period - Slapshot by Dennis Seidenberg.
18:36 of 2nd period - Shot Misses the Net.
18:38 of 2nd period - Snap shot by Ben Smith.
18:38 of 2nd period - Stopped by Carter Hutton without a rebound.
18:39 of 2nd period - Rich Peverley wins face-off versus Tomas Plekanec in Coyotes zone.
18:56 of 2nd period - Slapshot by Evander Kane.
18:56 of 2nd period - Shot Blocked by Matt Gilroy.
19:10 of 2nd period - Wrist shot by Tomas Plekanec.
19:10 of 2nd period - Stopped by Carter Hutton without a rebound.
19:11 of 2nd period - Jaden Schwartz wins face-off versus Patrice Bergeron in Coyotes zone.
19:19 of 2nd period - Wrist shot by Evan Oberg.
19:19 of 2nd period - Shot Blocked by Nick Schultz.
19:57 of 2nd period - Wrist shot by Aaron Palushaj.
19:57 of 2nd period - Shot Blocked by Nick Schultz.
19:59 of 2nd period - Snap shot by Markus Granlund.
19:59 of 2nd period - Shot Misses the Net.
Goals for this period are 3 for Predators vs 1 for Coyotes.
Shots for this period are 12 for Predators vs 8 for Coyotes.

3rd period


0:01 of 3rd period - Elias Lindholm wins face-off versus Tomas Plekanec in neutral zone.
0:12 of 3rd period - Snap shot by David Jones.
0:12 of 3rd period - Stopped by Kari Lehtonen with a rebound.
0:14 of 3rd period - Wrist shot by Jaden Schwartz.
0:14 of 3rd period - Goal by Jaden Schwartz - Predators : 6 - Coyotes : 2.
0:15 of 3rd period - Elias Lindholm wins face-off versus Cal Clutterbuck in neutral zone.
0:18 of 3rd period - Wrist shot by Jaden Schwartz.
0:18 of 3rd period - Shot Misses the Net.
0:20 of 3rd period - Snap shot by Michael Kostka.
0:20 of 3rd period - Shot Blocked by Victor Bartley.
0:22 of 3rd period - Slapshot by Michael Kostka.
0:22 of 3rd period - Deflect By Elias Lindholm.
0:22 of 3rd period - Shot Misses the Net.
0:22 of 3rd period - Puck is out of play.
0:23 of 3rd period - Elias Lindholm wins face-off versus Antoine Vermette in Predators zone.
1:18 of 3rd period - Michael Kostka is hit by Victor Bartley and loses puck.
2:03 of 3rd period - Snap shot by Valtteri Filppula.
2:03 of 3rd period - Stopped by Carter Hutton with a rebound.
2:45 of 3rd period - Wrist shot by Eric Fehr.
2:45 of 3rd period - Stopped by Carter Hutton without a rebound.
2:46 of 3rd period - Markus Granlund wins face-off versus Eric Fehr in Coyotes zone.
3:15 of 3rd period - Snap shot by Trevor Daley.
3:15 of 3rd period - Shot Blocked by Markus Granlund.
3:17 of 3rd period - Snap shot by Victor Bartley.
3:17 of 3rd period - Stopped by Carter Hutton without a rebound.
3:18 of 3rd period - Elias Lindholm wins face-off versus Tomas Plekanec in Coyotes zone.
3:48 of 3rd period - Minor Penalty to Evan Oberg for Hooking.
3:49 of 3rd period - Rich Peverley wins face-off versus Antoine Vermette in Coyotes zone.
4:27 of 3rd period - Snap shot by Antoine Vermette.
4:27 of 3rd period - Stopped by Carter Hutton with a rebound.
4:59 of 3rd period - Wrist shot by Andrew Cogliano.
4:59 of 3rd period - Goal by Andrew Cogliano - Predators : 7 - Coyotes : 2.
5:00 of 3rd period - Eric Fehr wins face-off versus Elias Lindholm in neutral zone.
5:03 of 3rd period - Wrist shot by Ben Smith.
5:03 of 3rd period - Shot Misses the Net.
5:09 of 3rd period - Eric Fehr is hit by Jaden Schwartz and loses puck.
5:30 of 3rd period - Wrist shot by Ben Smith.
5:30 of 3rd period - Stopped by Carter Hutton without a rebound.
5:31 of 3rd period - Antoine Vermette wins face-off versus Stephen Weiss in Coyotes zone.
5:38 of 3rd period - Antoine Vermette is hit by Martin Erat and loses puck.
5:45 of 3rd period - Martin Erat is hit by Trevor Daley and loses puck.
5:58 of 3rd period - Slapshot by Antoine Vermette.
5:58 of 3rd period - Stopped by Carter Hutton without a rebound.
5:59 of 3rd period - Patrice Bergeron wins face-off versus Markus Granlund in Coyotes zone.
6:24 of 3rd period - Snap shot by Valtteri Filppula.
6:24 of 3rd period - Shot Misses the Net.
6:26 of 3rd period - Slapshot by Brian Lashoff.
6:26 of 3rd period - Shot Blocked by Matt Gilroy.
6:28 of 3rd period - Slapshot by Dennis Seidenberg.
6:28 of 3rd period - Shot Misses the Net.
6:56 of 3rd period - Slapshot by Elias Lindholm.
6:56 of 3rd period - Deflect By Jaden Schwartz.
6:56 of 3rd period - Shot Blocked by Evander Kane.
6:56 of 3rd period - Puck is out of play.
6:57 of 3rd period - Elias Lindholm wins face-off versus Evander Kane in Predators zone.
7:22 of 3rd period - Snap shot by Jaden Schwartz.
7:22 of 3rd period - Goal by Jaden Schwartz - Predators : 7 - Coyotes : 3.
7:23 of 3rd period - Antoine Vermette wins face-off versus Rich Peverley in neutral zone.
7:48 of 3rd period - Snap shot by Tomas Hertl.
7:48 of 3rd period - Shot Misses the Net.
8:34 of 3rd period - Valtteri Filppula is hit by David Jones and loses puck.
9:26 of 3rd period - Wrist shot by Andrew Cogliano.
9:26 of 3rd period - Stopped by Carter Hutton with a rebound.
9:36 of 3rd period - Snap shot by Tomas Plekanec.
9:36 of 3rd period - Shot Misses the Net.
9:38 of 3rd period - Slapshot by Brian Lashoff.
9:38 of 3rd period - Shot Misses the Net.
10:16 of 3rd period - Markus Granlund is hit by Patrick Maroon and loses puck.
10:28 of 3rd period - Icing by Markus Granlund.
10:29 of 3rd period - Antoine Vermette wins face-off versus Markus Granlund in Coyotes zone.
11:42 of 3rd period - Snap shot by Jaden Schwartz.
11:42 of 3rd period - Shot Blocked by Dennis Seidenberg.
11:44 of 3rd period - Wrist shot by Elias Lindholm.
11:44 of 3rd period - Stopped by Kari Lehtonen with a rebound.
11:46 of 3rd period - Wrist shot by David Jones.
11:46 of 3rd period - Shot Misses the Net.
11:48 of 3rd period - Snap shot by Jaden Schwartz.
11:48 of 3rd period - Stopped by Kari Lehtonen with a rebound.
12:58 of 3rd period - Eric Nystrom is hit by Pascal Dupuis and loses puck.
13:35 of 3rd period - Slapshot by Roman Josi.
13:35 of 3rd period - Shot Blocked by T.J. Brennan.
13:37 of 3rd period - Wrist shot by Eric Fehr.
13:37 of 3rd period - Stopped by Carter Hutton without a rebound.
13:38 of 3rd period - Antoine Vermette wins face-off versus Drayson Bowman in Coyotes zone.
14:13 of 3rd period - T.J. Brennan is hit by Cal Clutterbuck and loses puck.
14:26 of 3rd period - Matt Gilroy is hit by Valtteri Filppula and loses puck.
14:49 of 3rd period - Snap shot by David Jones.
14:49 of 3rd period - Deflect By Jaden Schwartz.
14:49 of 3rd period - Stopped by Kari Lehtonen with a rebound.
15:17 of 3rd period - Snap shot by Eric Fehr.
15:17 of 3rd period - Stopped by Carter Hutton with a rebound.
15:19 of 3rd period - Minor Penalty to Mark Borowiecki for Hooking.
15:20 of 3rd period - Rich Peverley wins face-off versus Patrice Bergeron in Coyotes zone.
15:42 of 3rd period - Snap shot by Evander Kane.
15:42 of 3rd period - Stopped by Carter Hutton without a rebound.
15:43 of 3rd period - Antoine Vermette wins face-off versus Rich Peverley in Coyotes zone.
16:06 of 3rd period - Snap shot by Valtteri Filppula.
16:06 of 3rd period - Goal by Valtteri Filppula - Predators : 8 - Coyotes : 3.
16:07 of 3rd period - Elias Lindholm wins face-off versus Tomas Plekanec in neutral zone.
16:10 of 3rd period - Wrist shot by Jaden Schwartz.
16:10 of 3rd period - Shot Blocked by Nick Schultz.
16:20 of 3rd period - Slapshot by Evander Kane.
16:20 of 3rd period - Shot Misses the Net.
16:30 of 3rd period - Snap shot by Tomas Plekanec.
16:30 of 3rd period - Deflect By Evander Kane.
16:30 of 3rd period - Shot Misses the Net.
16:30 of 3rd period - Puck is out of play.
16:31 of 3rd period - Stephen Weiss wins face-off versus Antoine Vermette in Coyotes zone.
16:31 of 3rd period - Stephen Weiss is hit by Cal Clutterbuck.
17:12 of 3rd period - Antoine Vermette is hit by Mark Borowiecki.
17:26 of 3rd period - Victor Bartley is hit by Mark Borowiecki and loses puck.
17:35 of 3rd period - Slapshot by T.J. Brennan.
17:35 of 3rd period - Shot Misses the Net.
17:37 of 3rd period - Slapshot by Michael Kostka.
17:37 of 3rd period - Shot Blocked by Patrice Bergeron.
17:39 of 3rd period - Backhand shot by Eric Nystrom.
17:39 of 3rd period - Stopped by Kari Lehtonen with a rebound.
17:41 of 3rd period - Wrist shot by Eric Nystrom.
17:41 of 3rd period - Shot Misses the Net.
17:43 of 3rd period - Slapshot by Michael Kostka.
17:43 of 3rd period - Stopped by Kari Lehtonen without a rebound.
17:44 of 3rd period - Elias Lindholm wins face-off versus Tomas Plekanec in Predators zone.
18:38 of 3rd period - Minor Penalty to Dale Weise for Roughing.
18:39 of 3rd period - Rich Peverley wins face-off versus Antoine Vermette in Coyotes zone.
18:49 of 3rd period - Backhand shot by Valtteri Filppula.
18:49 of 3rd period - Shot Misses the Net.
Goals for this period are 2 for Predators vs 2 for Coyotes.
Shots for this period are 12 for Predators vs 8 for Coyotes.


Output by the SimonT Hockey Simulator (STHS) for Eric Dolegowski -- Original Page W3C XHTML 1.0 Valid
Hockey Simulator - Hockey Simulation - Hockey Manager